 Dungeon Crawl Stone Soup version 0.31-a0-986-g5e6e4ef867 (webtiles) character file.

Game seed: 7676346380132331431

1302 D12ThenQuit the Ducker (level 8, 0/60 HPs)
             Began as an Octopode Gladiator on Nov 11, 2023.
             Slain by an orc warrior
             ... wielding a +0 battleaxe
              (10 damage)
             ... on level 7 of the Dungeon.
             The game lasted 00:08:28 (4510 turns).

D12ThenQuit the Ducker (Octopode Gladiator)         Turns: 4510, Time: 00:08:29

Health: 0/60       AC:  5    Str: 13    XL:     8   Next: 57%
Magic:  8/8        EV: 17    Int:  7    God:
Gold:   237        SH:  0    Dex: 15    Spells: 7/7 levels left

rFire   . . .        r - +4 hand axe of Wajoxzoc {venom, rPois Will+ rCorr Int-4}
rCold   . . .        (no shield)
rNeg    + . .        b - +0 hat
rPois   +            j - amulet of magic regeneration
rElec   .            f - +4 ring of protection
rCorr   +            k - ring of positive energy
SInv    .            (no ring)
Will    +....        (no ring)
Stlth   ++           (no ring)
HPRegen 0.30/turn    (no ring)
MPRegen 0.51/turn    (no ring)
                     (no ring)

%: no passive effects
@: no status effects
A: almost no armour, amphibious, 8 rings, camouflage 1, gelatinous body 1,
(nimble swimmer 1), tentacles
a: no special abilities


You were on level 7 of the Dungeon.
You visited 1 branch of the dungeon, and saw 7 of its levels.

You collected 237 gold pieces.

Inventory:

Hand Weapons
 a - a +0 quarterstaff
 l - a +5 whip
 r - the +4 hand axe of Wajoxzoc (weapon) {venom, rPois Will+ rCorr Int-4}
   (You found it on level 2 of the Dungeon)

   Int-4:     It affects your intelligence (-4).
   rPois:     It protects you from poison Will+: It increases your willpower.
   rCorr:     It protects you from acid and corrosion.
Missiles
 c - 3 throwing nets
 d - a javelin
 g - 5 poisoned darts (quivered)
Armour
 b - a +0 hat (worn)
Jewellery
 f - a +4 ring of protection (left tentacle)
 j - an amulet of magic regeneration (around mantle)
 k - a ring of positive energy (right tentacle)
 w - a ring of flight
Talismans
 i - a flux talisman
 u - a serpent talisman
Wands
 o - a wand of mindburst (12)
 A - a wand of charming (15)
Scrolls
 e - 2 scrolls of enchant armour {unknown}
 n - a scroll of teleportation
 p - 2 scrolls of enchant weapon {unknown}
 s - a scroll of revelation {unknown}
 t - a scroll of vulnerability {unknown}
 y - a scroll of fog
Potions
 h - a potion of enlightenment
 m - a potion of ambrosia
 B - a potion of might {unknown}


   Skills:
 + Level 7.4 Fighting
 - Level 3.0 Staves
 - Level 2.0 Throwing
 + Level 7.8 Dodging


You had 7 spell levels left.
You didn't know any spells.
Your spell library contained the following spells:

 Spells                   Type           Power      Damage    Failure   Level
 Foxfire                  Conj/Fire      0%         2x1d4     43%         1
 Freeze                   Ice            0%         1d3       43%         1
 Shock                    Conj/Air       0%         1d3       43%         1
 Sting                    Tmut/Pois      0%         1d3       43%         1
 Poisonous Vapours        Pois/Air       0%         N/A       56%         2
 Frozen Ramparts          Ice            0%         1d1       80%         3
 Hailstorm                Conj/Ice       0%         3d3       80%         3
 Swiftness                Air            0%         N/A       80%         3
 Airstrike                Air            0%         2d(0-16)  99%         4
 Olgreb's Toxic Radiance  Pois           0%         N/A       99%         4
 Plasma Beam              Fire/Air       0%         2x1d10    100%        6
 Starburst                Conj/Fire      0%         6d3       100%        6


Dungeon Overview and Level Annotations

Branches:
Dungeon (7/15)
 Temple: D:4-7

Altars:
Cheibriados

Annotations:
D:5 Sigmund
D:7 Joseph


Innate Abilities, Weirdness & Mutations

You cannot wear most types of armour.
You are amphibious.
You can wear up to eight rings at the same time.
Your skin changes colour to match your surroundings (Stealth+).
Your rubbery body absorbs attacks. (AC +1, EV +1)
((You are camouflaged when in or above water. (Stealth+)))
You have tentacles for arms and can constrict up to eight enemies at once.


Message History

Here: a steam dragon (almost dead, extremely poisoned)
A stone staircase leading up, spattered with blood.
Unknown command.
You kill the steam dragon!
The steam dragon scales are intact enough to wear.
Okay, then.
As you read the scroll of summoning, it crumbles to dust.
Wisps of shadow whirl around you... The orc warrior completely misses you.
You swap places.
The orc warrior attacks as it pursues you!
The orc warrior misses you.
The orc warrior hits your black bear with a +0 battleaxe!
Your black bear barely misses the orc warrior.
Your black bear claws the orc warrior.
Your black bear barely misses the orc warrior.
You swap places.
The orc warrior hits your howler monkey with a +0 battleaxe!!
Your howler monkey dies!
Your howler monkey's corpse dissolves into shadows!
The orc warrior hits your black bear with a +0 battleaxe!
Your black bear bites the orc warrior.
Your black bear barely misses the orc warrior.
Your black bear claws the orc warrior but does no damage.
Your black bear bites the orc warrior.
Your black bear barely misses the orc warrior.
Your black bear claws the orc warrior but does no damage.
Okay, then.
Unknown command.
Unknown command.
The orc warrior attacks as it pursues you!
The orc warrior closely misses you.
Things that are here:
a +0 whip; a +0 mace
There is a stone staircase leading up, spattered with blood here.
Things that are here:
+0 steam dragon scales; a steam dragon corpse Unknown command.
The orc warrior attacks as it pursues you!
The orc warrior hits you with a +0 battleaxe!
You die...

.[.#.....##...#..♣♣♣..#
#.#.....#....#.♣# ♣.#
#.#......#.......♣ .#
###.....#..#......♣# #
.......#...###.>..♣♣♣.
. .. ##..h##.#........
#..#.#.#.###.....#####
#.....)####......#
.......)o@..####.##
###.#.#.#.### ##
##..##### ..## ..# ...
..


You could see an orc warrior.

Vanquished Creatures
  A hornet (D:7)
  A steam dragon (D:7)
  An orc warrior (D:6)
  A water moccasin (D:6)
  A black bear (D:6)
  A bullfrog (D:5)
  2 scorpions
  3 hounds
  A gnoll bouda (D:4)
  3 iguanas
  4 orc wizards
  6 adders
  3 gnolls (D:4)
  3 white imps
  4 worms
  13 orcs
  8 endoplasms
  4 giant cockroaches
  7 goblins
  2 hobgoblins
  4 jackals (D:5)
  5 quokkas
  8 ball pythons
  7 bats
  2 frilled lizards
  10 kobolds
  5 rats
110 creatures vanquished.

Notes
Turn   | Place    | Note
-------+----------+-------------------------------------------
     0 | D:1      | D12ThenQuit the Octopode Gladiator began the quest for the
                  | Orb.
     0 | D:1      | Reached XP level 1. HP: 14/14 MP: 1/1
   187 | D:1      | Reached XP level 2. HP: 20/20 MP: 2/2
   855 | D:2      | Reached XP level 3. HP: 25/25 MP: 3/3
  1154 | D:2      | Identified the +4 hand axe of Wajoxzoc {venom, rPois Will+
                  | rCorr Int-4}
  1509 | D:2      | Found a faded altar of an unknown god.
  1575 | D:3      | Reached XP level 4. HP: 31/31 MP: 4/4
  2129 | D:4      | Reached XP level 5. HP: 35/37 MP: 5/5
  2575 | D:4      | Reached skill level 5 in Dodging
  2697 | D:4      | Reached XP level 6. HP: 44/44 MP: 6/6
  2778 | D:5      | Entered Level 5 of the Dungeon
  2803 | D:5      | Noticed Sigmund
  3109 | D:5      | Reached skill level 5 in Fighting
  3352 | D:6      | Reached XP level 7. HP: 50/50 MP: 7/7
  3867 | D:6      | Reached XP level 8. HP: 39/58 MP: 8/8
  4254 | D:7      | Noticed a hornet
  4259 | D:7      | Killed a hornet
  4272 | D:7      | Noticed Joseph
  4420 | D:7      | Found a snail-covered altar of Cheibriados.
  4510 | D:7      | Slain by an orc warrior

Illustrated notes

Levels and vault maps discovered:
D:1:      lemuel_arrival_behind_the_door_large, layout_basic,
          minmay_pentomino_x4
D:2:      layout_basic, shapermc_ecumenical_altar_petra, minmay_split_cup_large
D:3:      layout_rooms, grunt_ministairs_5, minmay_goblin_kobold_house
D:4:      layout_basic, kennysheep_windowed_goal
D:5:      layout_basic, nicolae_half_adder, uniq_sigmund
D:6:      layout_loops_ring, minmay_misc_feat_iff
D:7:      hellmonk_ruined_rings, layout_layer_cave, slow_altar_2,
          minmay_temple_entry_nine_rooms, amcnicky_mini_corridor_feature,
          minivault_27, nrook_mini_vaults, minmay_stone_trees_small, uniq_joseph

Skill      XL: |  1  2  3  4  5  6  7  8 |
---------------+-------------------------+-----
Fighting       | 3 4 5 6 7 |  7.4
Dodging        | 4 5 6 7 |  7.8
Staves         | |  3.0
Throwing       | |  2.0

Action                     |  1- 3 |  4- 6 |  7- 9 || total
---------------------------+-------+-------+-------++-------
  Melee: Quarterstaff      |    37 |       |       ||    37
         Constrict         |    15 |    24 |    17 ||    56
         Tentacles         |    13 |    22 |    18 ||    53
         Punch             |     2 |     1 |     1 ||     4
         Whip              |    21 |       |       ||    21
         Hand axe          |     8 |    87 |    59 ||   154
  Throw: Dart              |       |       |     1 ||     1
  Evoke: Wand              |       |       |     1 ||     1
    Use: Scroll            |       |     4 |     1 ||     5
         Potion            |       |       |     4 ||     4
   Stab: Sleeping          |     8 |     7 |     2 ||    17
         Distracted        |       |     1 |       ||     1
 Armour: Skin              |    25 |    41 |    53 ||   119
  Dodge: Dodged            |    45 |    73 |    58 ||   176

Table legend: (Time is in decaauts)
 A = Elapsed time spent in this place.
 B = Non-inter-level travel time spent in this place.
 C = Inter-level travel time spent in this place.
 D = Time resting spent in this place.
 E = Time spent auto-exploring this place.
 F = Levels seen in this place.
 G = Mean time per level.
                   A        B        C        D        E       F      G
               +--------+--------+--------+--------+--------+-----+--------+
         Total |   4562 |   4230 |    332 |    301 |   2616 |   7 |  651.7 |
       Dungeon |   4562 |   4230 |    332 |    301 |   2616 |   7 |  651.7 |
               +--------+--------+--------+--------+--------+-----+--------+

Top non-repeatable levels by time:
     D:6: 930 daAuts
     D:1: 823 daAuts
     D:2: 746 daAuts
     D:4: 735 daAuts
     D:3: 561 daAuts
     D:5: 541 daAuts
     D:7: 224 daAuts
